 Dungeon Crawl Stone Soup version 0.27-a0-394-g49c82dfaf2 (webtiles) character file.

Game seed: 5986328174527581822

3756 tilp the Martial Artist (level 10, -22/68 HPs)
             Began as an Octopode Transmuter on Feb 20, 2021.
             Was a Believer of Okawaru.
             Annihilated by a cyclops (31 damage)
             ... on level 9 of the Dungeon.
             The game lasted 00:18:56 (13893 turns).

tilp the Martial Artist (Octopode Transmuter)      Turns: 13893, Time: 00:18:57

Health: -22/68     AC:  1    Str: 16    XL:     10   Next: 15%
Magic:  13/16      EV: 16    Int: 18    God:    Okawaru [**....]
Gold:   325        SH:  0    Dex: 13    Spells: 11/17 levels left

rFire    + . .     SeeInvis .     - Unarmed
rCold    . . .     Faith    .   (no shield)
rNeg     . . .     Spirit   .   (helmet restricted)
rPois    .         Reflect  .   (no amulet)
rElec    .         Harm     .   d - +6 ring of strength
rCorr    .         Rampage  .   n - ring of protection from fire
Will     .....                  (no ring)
Stlth    +++.......             (no ring)
HPRegen  0.21/turn              (no ring)
MPRegen  0.15/turn              (no ring)
                                (no ring)
                                (no ring)

@: very slightly contaminated
A: almost no armour, stealthy swim, amphibious, 8 rings, constrict 8, camouflage
1, gelatinous body 1
a: Renounce Religion, Heroism


You were on level 9 of the Dungeon.
You worshipped Okawaru.
Okawaru was pleased with you.
You visited 2 branches of the dungeon, and saw 10 of its levels.

You collected 325 gold pieces.

Inventory:

Missiles
 f - 5 boomerangs
 k - 5 javelins
 p - 4 boomerangs of dispersal
 s - 13 poisoned darts (quivered)
Magical Staves
 m - a staff of conjuration
Jewellery
 d - a +6 ring of strength (left tentacle)
 n - a ring of protection from fire (right tentacle)
 q - a ring of ice
 r - a ring of ice
Wands
 u - a wand of acid (5)
Scrolls
 a - 2 scrolls of amnesia
 e - 6 scrolls of teleportation
 o - a scroll of enchant armour {unknown}
 v - a scroll of fog {unknown}
Potions
 b - 2 potions of cancellation
 c - a potion of invisibility
 g - 4 potions of curing
 h - 4 potions of attraction
 i - a potion of mutation
 j - 2 potions of lignification
 l - 2 potions of flight {unknown}
 t - a potion of haste {unknown}
 z - a potion of might {unknown}
Miscellaneous
 x - a phial of floods


   Skills:
 - Level 6.0 Fighting
 - Level 6.0 Dodging
 - Level 4.0 Stealth
 - Level 8.0 Unarmed Combat
 - Level 4.0 Spellcasting
 - Level 6.0 Transmutations
 - Level 2.0 Poison Magic
 + Level 4.5 Invocations
 + Level 1.8 Evocations


You had 11 spell levels left.
You knew the following spells:

 Your Spells              Type           Power        Failure   Level
a - Beastly Appendage     Tmut           50%          1%          1
b - Wereblood             Tmut           25%          1%          2
c - Spider Form           Tmut/Pois      9%           9%          3

Your spell library contained the following spells:

 Spells                   Type           Power        Failure   Level
 Mephitic Cloud           Conj/Pois/Air  5%           34%         3
 Blade Hands              Tmut           12%          34%         5
 Ice Form                 Ice/Tmut       14%          38%         4
 Static Discharge         Conj/Air       3%           41%         3
 Fulminant Prism          Conj/Hex       1%           82%         4
 Summon Ice Beast         Ice/Summ       3%           82%         4
 Freezing Cloud           Conj/Ice/Air   1%           100%        6


Dungeon Overview and Level Annotations

Branches:
Dungeon (9/15)             Temple (1/1) D:7
   Lair: D:8-11         Orc: D:9-12

Altars:
Ashenzari
Cheibriados
Dithmenos
Elyvilon
Fedhas
Gozag
Hepliaklqana
Kikubaaqudgha
Makhleb
Nemelex Xobeh
Okawaru
Qazlal
Ru
Sif Muna
Trog
Uskayaw
Vehumet
Wu Jian
Xom
Yredelemnul
Zin
The Shining One

Shops:
D:6 :   D:9 [

Annotations:
D:6 Prince Ribbit
D:8 boulder beetles etc in vault, exclusions: downstairs and upstairs


Innate Abilities, Weirdness & Mutations

You cannot wear most types of armour.
You are very stealthy in the water. (Stealth+)
You are amphibious.
You can wear up to eight rings at the same time.
You can use your tentacles to constrict eight enemies at once.
Your skin changes colour to match your surroundings (Stealth+).
Your rubbery body absorbs attacks. (AC +1, EV +1)


Message History

No target in view!
Your transformation is almost over.
You are no longer corroded.
Your tentacle spike disappears.
HP restored.
You see here a runed long sword.
You now have 325 gold pieces (gained 10).
x - a phial of floods
z - a bubbling ruby potion
Found a hand axe.
As you read the scroll of identify, it crumbles to dust.
b - 2 potions of cancellation A cyclops comes into view.
Unknown command.
Okay, then.
Aiming: Corrosive Bolt
Press: ? - help, Shift-Dir - straight line, f - cyclops
Aim: a cyclops, quivering large rocks (wandering, hasn't noticed you, 2% to evade)
The bolt of acid hits the cyclops!
The cyclops is splashed with acid.
The acid corrodes the cyclops!
The cyclops is moderately wounded.
The cyclops shouts!
Aiming: Corrosive Bolt
Press: ? - help, Shift-Dir - straight line, f/p - cyclops
Aim: a cyclops, quivering large rocks (moderately wounded, covered in acid, 2% to evade)
The bolt of acid hits the cyclops!
The cyclops is splashed with acid.
The cyclops seems to be corroded for longer.
The cyclops is severely wounded.
The cyclops throws a large rock.
The large rock hits you!!
Casting: Beastly Appendage (safe; 1% risk of failure)
Confirm with . or Enter, or press ? or * to list all spells.
You miscast Spider Form.
You are very lightly contaminated with residual magic.
Nothing appears to happen.
The cyclops throws a large rock.
The large rock hits you!
Found a stone staircase leading up.
The cyclops throws a large rock.
The large rock hits you!!
* * * LOW HITPOINT WARNING * * *
The cyclops hits you!!
You die...

+...........
#............
#..<.........#
#............#
#............#
#............#
#....C.......#
#...@........#
#.........##
#..:...)/.#
#.........#
#.........#
...........#
....
#..#+######....#
..... #..#
#...## .... #..#
#...#


You could see a cyclops (corroded).

Vanquished Creatures
  A troll (D:8)
  4 yaks (D:7)
  A sky beast (D:8)
  An orc warrior (D:7)
  An ice beast (D:6)
  A black bear (D:4)
  3 ogres
  3 centaurs
  2 phantoms
  4 bullfrogs
  3 scorpions
  A water moccasin zombie (D:6)
  A water moccasin skeleton (D:5)
  7 wights (D:7)
  3 howler monkeys
  2 quasits
  A jelly (D:9)
  2 orc priests
  A bullfrog skeleton (D:5)
  A centaur skeleton (D:6)
  Ijyb (D:4)
  Jessica (D:2)
  5 orc wizards
  12 worker ants
  2 hound zombies
  2 hound skeletons
  A worker ant zombie (D:8)
  Robin (D:2)
  12 adders
  A white imp (D:5)
  2 ufetubi
  3 oozes
  An adder skeleton (D:5)
  3 worms
  7 leopard geckos
  24 orcs
  6 bats
  3 giant cockroaches
  17 goblins
  8 hobgoblins
  9 jackals
  5 quokkas
  A ball python (D:7)
  7 frilled lizards
  A jackal skeleton (D:4)
  9 kobolds
  9 rats
196 creatures vanquished.

Vanquished Creatures (others)
  2 plants (D:8)
2 creatures vanquished.

Grand Total: 198 creatures vanquished

Notes
Turn   | Place    | Note
-------+----------+-------------------------------------------
     0 | D:1      | tilp the Octopode Transmuter began the quest for the Orb.
     0 | D:1      | Reached XP level 1. HP: 13/13 MP: 3/3
    44 | D:1      | Reached skill level 1 in Stealth
   329 | D:1      | Reached XP level 2. HP: 18/18 MP: 5/5
   332 | D:1      | Learned a level 2 spell: Wereblood
  1089 | D:1      | Reached XP level 3. HP: 16/23 MP: 6/6
  1885 | D:2      | Noticed Robin
  2167 | D:2      | Killed Robin
  2168 | D:2      | Reached XP level 4. HP: 10/29 MP: 3/7
  2841 | D:2      | Noticed Jessica
  2853 | D:2      | Killed Jessica
  2854 | D:2      | Reached XP level 5. HP: 29/35 MP: 5/8
  2997 | D:2      | Reached skill level 4 in Unarmed Combat
  4319 | D:3      | Reached XP level 6. HP: 24/42 MP: 6/9
  4485 | D:3      | Found a white marble altar of Elyvilon.
  4873 | D:4      | Found a stormy altar of Qazlal.
  5311 | D:4      | Noticed a black bear
  5463 | D:4      | Noticed Ijyb
  5501 | D:4      | Killed Ijyb
  5502 | D:4      | Reached skill level 5 in Unarmed Combat
  5963 | D:5      | Entered Level 5 of the Dungeon
  6335 | D:5      | Reached XP level 7. HP: 39/48 MP: 7/10
  6679 | D:5      | Reached skill level 6 in Unarmed Combat
  8706 | D:6      | Reached XP level 8. HP: 51/54 MP: 7/11
  8714 | D:6      | Reached skill level 5 in Fighting
  9046 | D:6      | Found Tion's Book Boutique.
  9071 | D:6      | Reached skill level 7 in Unarmed Combat
  9108 | D:6      | Noticed Prince Ribbit
  9907 | D:7      | Noticed a yak
  9907 | D:7      | Noticed a yak
  9911 | D:7      | Noticed a yak
  9914 | D:7      | Noticed a yak
  9918 | D:7      | Killed a yak
  9926 | D:7      | Killed a yak
  9933 | D:7      | Killed a yak
  9934 | D:7      | Reached skill level 5 in Dodging
  9934 | D:7      | Reached skill level 8 in Unarmed Combat
  9934 | D:7      | Reached XP level 9. HP: 21/62 MP: 12/12
 10142 | D:6      | Learned a level 3 spell: Spider Form
 10250 | D:7      | Reached skill level 1 in Poison Magic
 10413 | D:7      | Found a staircase to the Ecumenical Temple.
 10423 | Temple   | Entered the Ecumenical Temple
 10620 | Temple   | Became a worshipper of Warmaster Okawaru
 11736 | D:8      | Identified the Compendium of Damage Dealing and the
                  | Entourage
 11886 | D:8      | Found a broken altar of Ashenzari.
 11975 | D:8      | Found a shimmering altar of Xom.
 12286 | D:8      | Reached * piety under Okawaru
 12367 | D:8      | Reached skill level 5 in Transmutations
 12489 | D:8      | Noticed a troll
 12511 | D:8      | Killed a troll
 12788 | D:8      | Reached skill level 1 in Invocations
 12987 | D:8      | Noticed a boulder beetle
 12987 | D:8      | Noticed a boulder beetle
 12987 | D:8      | Noticed a hornet
 13010 | D:7      | Reached XP level 10. HP: 35/68 MP: 11/16
 13405 | D:4      | Reached ** piety under Okawaru
 13406 | D:4      | Reached skill level 1 in Evocations
 13738 | D:9      | Found Poemiom's Antique Armour Emporium.
 13883 | D:9      | Noticed a cyclops
 13893 | D:9      | Annihilated by a cyclops

Illustrated notes

Levels and vault maps discovered:
D:1:      lightli_arrival_boilingwater, layout_loops_corners,
          minmay_misc_feat_x, chequers_jeans, minmay_close_crescents
D:2:      layout_basic, uniq_robin, uniq_jessica
D:3:      layout_basic, elyvilon_altar_1
D:4:      layout_loops_ring, nicolae_qazlal_general_emergency, uniq_ijyb
D:5:      layout_loops_cross, serial_co_window_serial,
          co_window_of_opportunity_a, co_window_corner_a, co_window_corner_a,
          co_window_paths_b, co_window_corner_a, co_window_paths_b,
          co_window_corner_a, co_window_paths_a, co_window_paths_a,
          co_window_corner_b, co_window_unsneaky_path_b, co_window_paths_c,
          co_window_corner_ca, co_window_sun, co_window_4corner_b,
          glass_columns_b, glass_columns_a, glass_columns_b
D:6:      layout_basic, serial_shops, shop_statue, uniq_prince_ribbit1
D:7:      layout_rooms, minmay_temple_entry_waves, interstate_on_off
D:8:      nzn_winding_woodlands_stair_cross [nzn_winding_woodlands_5x15_crooked,
          nzn_winding_woodlands_center_lodge,
          nzn_winding_woodlands_5x15_default, nzn_winding_woodlands_hourglass,
          nzn_winding_woodlands_5x5_open_star,
          nzn_winding_woodlands_5x15_lazy_stream,
          nzn_winding_woodlands_center_triple_pond,
          nzn_winding_woodlands_5x15_cabin], layout_loops_ring,
          kennysheep_little_box, xom_teletrap_fun
D:9:      layout_irregular_city, serial_shops, shop
Temple:   kilobyte_greek_temple

Skill      XL: |  1  2  3  4  5  6  7  8  9 10 |
---------------+-------------------------------+-----
Stealth        | 2 3 4 |  4.0
Fighting       | 2 3 4 6 |  6.0
Unarmed Combat | 4 5 6 8 |  8.0
Dodging        | 3 5 6 |  6.0
Poison Magic   | 2 |  2.0
Transmutations | 6 |  6.0
Spellcasting   | 4 |  4.0
Invocations    | 2 4 |  4.5
Evocations     | 1 |  1.8

Action                   |  1- 3 |  4- 6 |  7- 9 | 10-12 || total
-------------------------+-------+-------+-------+-------++-------
Melee: Unarmed           |    98 |   151 |   271 |    26 ||   546
       Constrict         |    22 |    37 |    41 |       ||   100
       Tentacles         |    11 |    22 |    45 |     1 ||    79
       Kick              |    11 |    26 |    35 |     2 ||    74
       Punch             |       |     5 |     5 |       ||    10
Throw: Stone             |       |     9 |       |       ||     9
       Boomerang         |       |     1 |     6 |       ||     7
       Dart              |       |       |    18 |     8 ||    26
 Cast: Beastly Appendage |     7 |    22 |    29 |     1 ||    59
       Wereblood         |     4 |    11 |    12 |       ||    27
       Spider Form       |       |       |     7 |     4 ||    11
Evoke: Wand              |       |       |     1 |     2 ||     3
  Use: Scroll            |     1 |     7 |     2 |     1 ||    11
       Potion            |       |     3 |     1 |       ||     4
 Stab: Sleeping          |    10 |    14 |    10 |       ||    34
Armor: Skin              |    15 |     7 |    10 |       ||    32
Dodge: Dodged            |    54 |    83 |   163 |    16 ||   316

Table legend: (Time is in decaauts)
 A = Elapsed time spent in this place.
 B = Non-inter-level travel time spent in this place.
 C = Inter-level travel time spent in this place.
 D = Time resting spent in this place.
 E = Time spent auto-exploring this place.
 F = Levels seen in this place.
 G = Mean time per level.
                   A        B        C        D        E       F      G
               +--------+--------+--------+--------+--------+-----+--------+
         Total |  13850 |  13072 |    778 |   3874 |   7359 |  10 | 1385.0 |
       Dungeon |  13617 |  12896 |    721 |   3874 |   7184 |   9 | 1513.0 |
        Temple |    233 |    176 |     57 |      0 |    175 |   1 |  233.0 |
               +--------+--------+--------+--------+--------+-----+--------+

Top non-repeatable levels by time:
     D:1: 2386 daAuts
     D:5: 2287 daAuts
     D:8: 1683 daAuts
     D:7: 1644 daAuts
     D:6: 1518 daAuts
     D:4: 1461 daAuts
     D:2: 1252 daAuts
     D:3: 1223 daAuts
  Temple: 233 daAuts
     D:9: 160 daAuts
